AoeStats
← Caronte

African Clearing

506253228Analyzed
3v3 RM · 20d ago on Sep 12, 2026· 96m 29s· 6 players
Game mode
Random Map
Map size
Normal (6 player)
Population
200
Speed
Normal
Resources
Standard
Victory
Conquest
Starting age
Dark Age
Ending age
Imperial Age
RankedLock teamsTeams togetherTeam positionsShared explorationLock speedFull tech treeHidden civsTurbo modeCheats
Victory
Defeat
🇿🇦 Romans · South Africa
904
+15
🇪🇸 Byzantines · Spain
894
+15
🇪🇸 Aztecs · Spain
826
+18
🇦🇷 Ethiopians · Argentina
891
-17
🇧🇷 Mongols · Brazil
864
-16
🇩🇪 Huns · Germany
860
-15
Doktor-1887
5:53 Loom
16:01 Feudal Age
19:40 Double-Bit Axe
21:06 Wheelbarrow
22:05 Scale Barding Armor
22:07 Horse Collar
23:19 Man-at-Arms
24:27 Arson
27:20 Scale Mail Armor
27:31 Forging
28:44 Bloodlines
32:52 Castle Age
39:53 Castle Age
45:24 Bow Saw
55:17 Hand Cart
59:32 Heavy Plow
62:54 Stone Mining
64:19 Gold Mining
67:16 Chain Barding Armor
68:14 Gold Shaft Mining
68:34 Town Watch
69:28 Iron Casting
68:58 Husbandry
69:07 Marauders
74:00 Imperial Age
75:59 Conscription
76:22 Cavalier
77:13 Thumb Ring
77:18 Padded Archer Armor
77:09 Fletching
80:05 Two-Man Saw
79:31 Atheism
82:55 Caravan
85:48 Elite Tarkan
90:08 Coinage
91:27 Elite Skirmisher
95:43 Bodkin Arrow
96:05 Leather Archer Armor
victoragro7
7:24 Loom
14:51 Feudal Age
20:20 Castle Age
19:06 Fletching
19:18 Padded Archer Armor
20:25 Double-Bit Axe
21:09 Horse Collar
22:41 Bow Saw
28:35 Bodkin Arrow
31:15 Leather Archer Armor
33:21 Scale Barding Armor
35:09 Husbandry
36:36 Bloodlines
39:19 Forging
43:14 Imperial Age
41:38 Iron Casting
41:24 Chain Barding Armor
43:18 Heavy Cavalry Archer
43:21 Cavalier
45:08 Blast Furnace
45:09 Parthian Tactics
44:46 Bracer
45:09 Ballistics
46:08 Wheelbarrow
52:23 Elite Skirmisher
53:32 Light Cavalry
54:39 Hussar
55:27 Scale Mail Armor
56:13 Hand Cart
55:44 Town Watch
56:55 Hussar
70:26 Caravan
Caronte
13:08 Feudal Age
13:54 Gold Mining
13:55 Stone Mining
14:03 Stone Mining
14:50 Wheelbarrow
14:06 Double-Bit Axe
15:50 Horse Collar
22:52 Castle Age
22:28 Padded Archer Armor
22:20 Fletching
24:04 Forging
23:55 Scale Mail Armor
23:28 Man-at-Arms
26:36 Crossbowman
28:11 Thumb Ring
30:24 Squires
33:19 Bodkin Arrow
33:40 Leather Archer Armor
40:28 Imperial Age
40:30 Halberdier
40:53 Arbalester
43:10 Chemistry
57:20 Conscription
57:22 Arson
61:03 Gold Shaft Mining
61:30 Scale Barding Armor
62:39 Bow Saw
66:10 Chain Mail Armor
66:06 Heavy Scorpion
67:06 Bracer
67:48 Royal Heirs
69:51 Torsion Engines
73:23 Town Watch
73:59 Elite Skirmisher
77:42 Caravan
78:52 Elite Shotel Warrior
87:51 Hand Cart
90:57 Plate Mail Armor
96:51 Two-Man Saw
MsPacMan
5:07 Loom
14:49 Feudal Age
23:22 Castle Age
26:58 Double-Bit Axe
29:41 Elite Skirmisher
33:05 Forging
35:54 Imperial Age
35:08 Wheelbarrow
34:26 Fletching
34:42 Scale Barding Armor
37:32 Cavalier
39:43 Conscription
39:21 Bodkin Arrow
40:03 Horse Collar
42:38 Chemistry
41:34 Murder Holes
45:52 Bracer
50:59 Fortified Wall
58:15 Chain Barding Armor
jj.moreno.minas
14:15 Feudal Age
14:52 Gold Mining
20:04 Castle Age
18:19 Double-Bit Axe
19:08 Forging
21:09 Squires
21:54 Eagle Warrior
22:21 Arson
23:17 Scale Mail Armor
25:54 Gold Shaft Mining
29:09 Iron Casting
28:49 Chain Mail Armor
35:52 Loom
37:29 Fervor
37:40 Sanctity
39:25 Wheelbarrow
40:49 Pikeman
42:49 Fletching
46:48 Elite Skirmisher
47:27 Bodkin Arrow
47:33 Padded Archer Armor
53:11 Imperial Age
55:19 Bracer
55:35 Leather Archer Armor
56:21 Blast Furnace
55:52 Plate Mail Armor
56:32 Ballistics
57:14 Chemistry
58:54 Garland Wars
61:12 Block Printing
61:11 Redemption
65:21 Capped Ram
67:45 Elite Jaguar Warrior
72:32 Block Printing
72:14 Horse Collar
78:37 Heavy Plow
|BFC| TimDragonSpike
9:24 Loom
17:26 Feudal Age
22:22 Scale Mail Armor
24:33 Castle Age
24:46 Man-at-Arms
25:29 Squires
25:53 Double-Bit Axe
26:02 Long Swordsman
29:56 Town Watch
33:17 Chain Mail Armor
43:49 Pikeman
45:21 Forging
48:48 Ballistas
51:23 Bow Saw
60:30 Iron Casting
62:32 Wheelbarrow
66:00 Imperial Age
66:39 Hand Cart
67:17 Horse Collar
67:01 Halberdier
68:54 Murder Holes
68:54 Fletching
75:52 Heavy Scorpion
76:40 Town Patrol
77:47 Blast Furnace
76:42 Bodkin Arrow
94:19 Bloodlines
94:10 Husbandry
93:31 Cavalier
Connection lost

Rejoining the realm…

Still unreachable

The connection could not be restored.

Session expired

The server has moved on; the page needs a fresh start.